 Dungeon Crawl Stone Soup version 0.29.0-11-gd7f09526c8 (webtiles) character file.

Game seed: 17039973913618408136

1965 RascalDebosk the Covered (level 9, 0/78 HPs)
             Began as a Minotaur Fighter on Sept 4, 2022.
             Was an Initiate of Gozag.
             Slain by an orc warrior
             ... wielding a +2 trident of protection
              (17 damage)
             ... on level 6 of the Dungeon.
             The game lasted 00:43:42 (6778 turns).

RascalDebosk the Covered (Minotaur Fighter)         Turns: 6778, Time: 00:43:43

Health: 0/78       AC: 13    Str: 26    XL:     9   Next: 0%
Magic:  8/8        EV:  8    Int:  5    God:    Gozag
Gold:   219        SH:  5    Dex:  9    Spells: 8/8 levels left

rFire   . . .      SeeInvis .   l - +4 hand axe of Peuluemo {vorpal, rCorr}
rCold   . . .      Faith    .   c - +0 buckler
rNeg    . . .      Spirit   .   n - +0 chain mail
rPois   .          Reflect  .   (helmet restricted)
rElec   .          Harm     .   j - +0 cloak
rCorr   +          Rampage  .   (no gloves)
Will    .....                   A - +0 pair of boots
Stlth   ..........              (no amulet)
HPRegen 0.23/turn               (no ring)
MPRegen 0.11/turn               (no ring)

@: no status effects
A: horns 2, retaliatory headbutt
a: Renounce Religion, Potion Petition, Call Merchant, Bribe Branch


You were on level 6 of the Dungeon.
You worshipped Gozag.
Gozag was aware of your devotion.
You visited 2 branches of the dungeon, and saw 7 of its levels.

You collected 768 gold pieces.
You spent 462 gold pieces at shops.
You paid 87 gold pieces to Gozag.

Inventory:

Hand Weapons
 a - a +0 war axe
 l - the +4 hand axe of Peuluemo (weapon) {vorpal, rCorr}
   (You found it on level 2 of the Dungeon)

   It inflicts extra damage upon your enemies.
   rCorr:     It protects you from acid and corrosion.
Missiles
 k - 2 curare-tipped darts
 q - 6 poisoned darts (quivered)
Armour
 c - a +0 buckler (worn)
 j - a +0 cloak (worn)
 n - a +0 chain mail (worn)
 A - a +0 pair of boots (worn)
Wands
 r - a wand of flame (22)
 x - a wand of iceblast (3)
Scrolls
 b - 4 scrolls of identify
 f - a scroll of enchant armour {unknown}
 p - 2 scrolls of poison
 t - 2 scrolls of blinking
 v - a scroll of amnesia {unknown}
 w - 7 scrolls of teleportation
 y - a scroll of brand weapon {unknown}
 z - a scroll of noise {unknown}
Potions
 d - 2 potions of might
 e - 3 potions of mutation
 g - 3 potions of lignification
 h - 8 potions of heal wounds
 i - 6 potions of curing
 m - a potion of haste
 o - a potion of cancellation
 s - 4 potions of brilliance
 u - 2 potions of flight


   Skills:
 + Level 6.5 Fighting
 * Level 6.6 Axes
 * Level 5.0 Throwing
 + Level 6.6 Armour
 + Level 6.4 Shields
 - Level 4.0 Evocations


You had 8 spell levels left.
You didn't know any spells.
Your spell library contained the following spells:

 Spells                   Type           Power      Damage    Failure   Level
 Necrotise                Necr           0%         1d4       98%         1
 Sandblast                Erth           0%         2d4       98%         1
 Passwall                 Tmut/Erth      0%         N/A       99%         2
 Gell's Gravitas          Tloc           0%         N/A       100%        3
 Stone Arrow              Conj/Erth      0%         3d7       100%        3
 Teleport Other           Tloc           0%         N/A       100%        3
 Vampiric Draining        Necr           0%         2d6       100%        3
 Agony                    Necr           0%         N/A       100%        5
 Dispersal                Tloc           0%         N/A       100%        6
 Haunt                    Necr/Summ      0%         N/A       100%        7
 Infestation              Necr           0%         N/A       100%        8
 Animate Dead             Necr           Unusable   N/A       N/A         4

Dungeon Overview and Level Annotations

Branches:
Dungeon (6/15)             Temple (1/1) D:4

Altars:
Ashenzari
Cheibriados
Dithmenos
Elyvilon
Fedhas
Gozag
Kikubaaqudgha
Nemelex Xobeh
Okawaru
Qazlal
Ru
Sif Muna
Trog
Wu Jian
Xom
Yredelemnul
Zin
The Shining One

Shops:
D:4 !   D:6 (


Innate Abilities, Weirdness & Mutations

You have a pair of horns on your head.
You reflexively headbutt those who attack you in melee.


Message History

You hear an angry hiss.
Things that are here:
42 gold pieces; a +0 dire flail; a +0 chain mail The orc warrior shouts!
You hit the adder. You headbutt the adder.
You kill the adder!
You have reached level 9!
Your experience leads to an increase in your attributes!
Increase (S)trength, (I)ntelligence, or (D)exterity?
You feel stronger. x2
You now have 219 gold pieces (gained 42).
The orc warrior is no longer distracted by gold.
The teleport trap disappears.
The bullfrog disappears!
The orc warrior is distracted by your dazzling golden aura.
The orc warrior is no longer distracted by gold.
The orc warrior is distracted by your dazzling golden aura.
Things that are here:
28 gold pieces; a +0 shortbow You see here 6 gold pieces.
The orc warrior is no longer distracted by gold.
You see here 7 gold pieces.
The orc warrior throws a stone.
The stone hits you!
A jelly comes into view.
The jelly quivers.
The orc warrior throws a stone.
The stone hits you but does no damage.
You see here 7 gold pieces.
A jelly comes into view.
The jelly quivers.
You see here 6 gold pieces.
Things that are here:
28 gold pieces; a +0 shortbow You hit the orc warrior but do no damage.
Your headbutt misses the orc warrior. The orc warrior barely misses you.
The orc warrior hits you with a +0 broad axe!
The orc warrior hits you from afar with a +2 trident of protection!
* * * LOW HITPOINT WARNING * * *
The orc warrior closely misses you.
The orc warrior hits you with a +2 trident of protection!
You die...
Your body crumbles into a pile of gold.

#.# $ #...### #.# ..
#...##. #.## #.# #......
#..# $ #..# #...##. ###.##
###..# ######. #....##
.J..# #...... #..#..## .8.
. #......
#..#...####o###.^. #......
##.##....o@......######.###
#.##..$$$.......#.####.##.
#.###.......$..##.........
#.# ##........##..........
#.#############...........
#........##...########...#
#####....##...###...##...#
#...............#.....
#########...........#.....


You could see 2 orc warriors and a jelly.

Vanquished Creatures
  A human (D:4)
  A water moccasin (D:6)
  An orc warrior (D:6)
  An ice beast (D:5)
  2 black bears (D:6)
  An ogre (D:6)
  A centaur (D:6)
  A phantom (D:6)
  A bullfrog (D:6)
  5 scorpions
  2 electric eels (D:6)
  2 howler monkeys
  4 hounds
  2 jellies (D:6)
  An orc priest (D:3)
  An orc wizard (D:3)
  5 iguanas
  12 adders
  A white imp (D:6)
  4 ufetubi
  A worm (D:4)
  3 dart slugs
  7 orcs
  11 endoplasms
  A giant cockroach (D:4)
  4 hobgoblins
  11 jackals
  3 quokkas
  6 ball pythons
  4 bats
  5 frilled lizards
  2 goblins
  A goblin zombie (D:4)
  17 kobolds
  2 rats
127 creatures vanquished.

Notes
Turn   | Place    | Note
-------+----------+-------------------------------------------
     0 | D:1      | RascalDebosk the Minotaur Fighter began the quest for the
                  | Orb.
     0 | D:1      | Reached XP level 1. HP: 19/19 MP: 0/0
   271 | D:1      | Reached XP level 2. HP: 27/27 MP: 1/1
   459 | D:1      | Found a faded altar of an unknown god.
   880 | D:2      | Identified the +4 hand axe of Peuluemo {vorpal, rCorr}
  1071 | D:2      | Reached XP level 3. HP: 33/33 MP: 2/2
  1175 | D:2      | Reached skill level 1 in Throwing
  1524 | D:2      | Reached skill level 1 in Evocations
  2085 | D:3      | Reached XP level 4. HP: 26/40 MP: 3/3
  2310 | D:3      | Found a sacrificial altar of Ru.
  2310 | D:3      | Found an opulent altar of Gozag.
  2671 | D:3      | Reached XP level 5. HP: 46/46 MP: 4/4
  2807 | D:4      | Found Doxaz's Distillery.
  2915 | D:4      | Found a staircase to the Ecumenical Temple.
  2932 | D:4      | Identified the +1 robe of Repulsion {rElec rF++ Str-3
                  | Int+4}
  2979 | Temple   | Entered the Ecumenical Temple
  3299 | D:3      | Became a worshipper of Gozag Ym Sagoz the Greedy
  3821 | D:4      | Noticed a human
  3822 | D:4      | Found a runed translucent door.
  3826 | D:4      | Found a basalt altar of Yredelemnul.
  3852 | D:4      | Killed a human
  3853 | D:4      | Reached XP level 6. HP: 41/55 MP: 5/5
  4041 | D:4      | Reached skill level 5 in Armour
  4220 | D:4      | Reached skill level 5 in Fighting
  4220 | D:4      | Reached skill level 5 in Shields
  4295 | D:5      | Entered Level 5 of the Dungeon
  4348 | D:5      | Reached XP level 7. HP: 61/61 MP: 6/6
  4574 | D:4      | Bought a potion of haste for 140 gold pieces
  4574 | D:4      | Bought a potion of curing for 42 gold pieces
  4574 | D:4      | Bought a potion of flight for 42 gold pieces
  4574 | D:4      | Bought a potion of curing for 42 gold pieces
  4574 | D:4      | Bought a potion of heal wounds for 70 gold pieces
  5590 | D:4      | Bought a potion of heal wounds for 70 gold pieces
  5590 | D:4      | Bought a potion of might for 56 gold pieces
  5630 | D:6      | Reached skill level 5 in Axes
  5630 | D:6      | Reached XP level 8. HP: 65/70 MP: 7/7
  5982 | D:6      | Found Murgha's Antique Weapon Shoppe.
  6743 | D:6      | Reached skill level 5 in Throwing
  6768 | D:6      | Reached XP level 9. HP: 40/78 MP: 8/8
  6778 | D:6      | Slain by an orc warrior

Illustrated notes

Levels and vault maps discovered:
D:1:      scummos_arrival_simple_fountains, layout_basic,
          shapermc_ecumenical_altar_hornbeckon, fountainhead
D:2:      minmay_razor_zed, layout_basic, minmay_goblin_kobold_house
D:3:      layout_basic, jmf_multi_god_temple
D:4:      layout_loops_corners, dk_yredelemnul_ordeal,
          minmay_temple_entry_large_hall, serial_shops, nicolae_take_the_stairs,
          st_stairs_12
D:5:      layout_layer_cave
D:6:      layout_gridville, lemuel_coloured_pillars_altar, kennysheep_diamond,
          nzn_random_ring
Temple:   nicolae_temple_bog_church

Skill      XL: |  1  2  3  4  5  6  7  8 |
---------------+-------------------------+-----
Armour         | 4 5 6 |  6.6
Throwing       | 1 2 3 5 |  5.0
Evocations     | 1 2 3 4 |  4.0
Fighting       | 4 5 6 |  6.5
Shields        | 4 5 6 |  6.4
Axes           | 3 4 5 6 |  6.6

Action                   |  1- 3 |  4- 6 |  7- 9 || total
-------------------------+-------+-------+-------++-------
Melee: War axe           |    37 |       |       ||    37
       Hand axe          |    43 |    72 |   118 ||   233
       Headbutt          |     7 |     9 |    19 ||    35
Throw: Dart              |     1 |     6 |    13 ||    20
  Use: Scroll            |       |    11 |       ||    11
       Potion            |       |     2 |       ||     2
Armor: Scale mail        |    26 |       |       ||    26
       Chain mail        |    13 |    26 |    84 ||   123
Dodge: Dodged            |    45 |    19 |    53 ||   117
Block: Buckler           |    13 |    12 |    23 ||    48
